Predators vs Flames

Created - March-12-14 at 17:40

Goals
1 2 3 T
Predators 1 1 0 2
Flames 2 0 3 5
Shots
1 2 3 T
Predators 9 13 4 26
Flames 16 6 16 38

1st period

1. Predators , Cody Franson 7 (Derick Brassard, Tuomo Ruutu) at 2:01
2. Flames , Michael Ryder 20 (Michael Grabner, Ryan Kesler) at 10:26 (PP)
3. Flames , Ryan Kesler 17 (Michael Grabner, Michael Ryder) at 17:56 (PP)

Penalties :
Tuomo Ruutu (NSH) for Interference (Minor) at 8:18, Cody Franson (NSH) for Holding (Minor) at 9:38, Anton Stralman (NSH) for Holding (Minor) at 14:56, Max Pacioretty (NSH) for Tripping (Minor) at 17:21

2nd period

4. Predators , Max Pacioretty 31 (Nicklas Backstrom, T.J. Oshie) at 5:40

Penalties :
Andrew MacDonald (CGY) for Hooking (Minor) at 0:29, Michael Ryder (CGY) for Roughing (Minor) at 7:19, Zach Bogosian (NSH) for Tripping (Minor) at 7:19, Erik Johnson (CGY) for Holding Stick (Minor) at 10:14, Anze Kopitar (CGY) for Holding Stick (Minor) at 12:45

3rd period

5. Flames , Michael Ryder 21 (Ryan Kesler, Ladislav Smid) at 1:11
6. Flames , Ryan Kesler 18 (Andrew MacDonald, Jack Johnson) at 9:27 (PP)
7. Flames , Sam Gagner 12 (Mike Cammalleri) at 14:49

Penalties :
Steven Stamkos (NSH) for Tripping (Minor) at 7:35, Ryan Kesler (CGY) for Slashing (Minor) at 18:47, Max Pacioretty (NSH) for Hooking (Minor) at 18:47

Goalie Stats

Pekka Rinne (NSH), 33 saves from 38 shots - (0.868), L, 35-18-2, 60:00 minutes
Jonathan Quick (CGY), 24 saves from 26 shots - (0.923), W, 32-23-5, 60:00 minutes

Players Stats for Predators

Player Name              G  A  P  +/- PIM S  H  SB GA TA FO     MP     PP MP  PK MP  
------------------------------------------------------------------------------------
Anton Stralman           0  0  0   0  2   0  3  2  0  0  0/0    20:19   2:42   1:56 
Artem Anisimov           0  0  0   0  0   1  0  0  0  0  6/23   16:44   3:00   0:00 
Ben Eager                0  0  0   0  0   0  1  0  0  0  0/0     4:06   0:00   0:00 
Brandon Prust            0  0  0   0  0   1  2  0  0  0  1/1     5:46   0:00   1:40 
Brian Strait             0  0  0   0  0   0  0  1  0  0  0/0    15:17   0:00   0:48 
Cody Franson             1  0  1   0  2   1  2  0  0  0  0/0    17:04   0:00   2:35 
Derick Brassard          0  1  1   0  0   2  1  0  0  0  0/0    15:17   3:15   1:27 
Justin Abdelkader        0  0  0   0  0   1  0  0  0  0  4/9     8:21   0:00   4:15 
Max Pacioretty           1  0  1   0  4   3  2  0  0  0  1/2    20:07   2:57   0:00 
Nicklas Backstrom        0  1  1   0  0   2  0  0  0  0  10/26  20:14   2:57   0:00 
Patrik Berglund          0  0  0   0  0   1  1  0  0  0  12/24  12:24   0:00   0:39 
Roman Josi               0  0  0   0  0   2  1  1  0  0  0/0    22:13   2:42   3:34 
Steven Stamkos           0  0  0   0  2   2  3  0  0  0  0/2    18:04   3:00   0:00 
T.J. Oshie               0  1  1   0  0   4  0  0  0  0  0/0    19:30   2:57   0:00 
Tuomo Ruutu              0  1  1   0  2   1  2  0  0  0  1/2    13:22   0:00   2:48 
Valtteri Filppula        0  0  0   0  0   2  1  0  0  0  5/6    18:52   3:00   1:40 
Zach Bogosian            0  0  0   0  2   1  3  0  0  0  0/0    20:44   3:15   0:27 
Zbynek Michalek          0  0  0   0  0   2  0  1  0  0  0/0    21:05   0:00   3:47 

Players Stats for Flames

Player Name              G  A  P  +/- PIM S  H  SB GA TA FO     MP     PP MP  PK MP  
------------------------------------------------------------------------------------
Andrew MacDonald         0  1  1  -1  2   3  1  1  0  0  0/0    24:56   2:55   1:49 
Anze Kopitar             0  0  0   0  2   2  2  0  0  0  19/28  18:05   3:25   0:00 
Bryce Salvador           0  0  0  -1  0   0  4  0  0  0  0/0    22:28   0:00   2:15 
Dustin Brown             0  0  0   0  0   4  2  0  0  0  0/0    20:54   3:25   2:48 
Erik Johnson             0  0  0  -1  2   0  1  0  0  0  0/0    15:33   3:39   0:26 
Jack Johnson             0  1  1   2  0   1  0  1  0  0  0/0    22:24   2:55   3:42 
Jeff Skinner             0  0  0   0  0   3  0  0  0  0  0/4    16:50   3:25   0:14 
Ladislav Smid            0  1  1   2  0   3  5  1  0  0  0/0    19:29   0:00   3:42 
Michael Grabner          0  2  2   1  0   0  0  1  0  0  2/2    19:29   3:09   3:09 
Michael Ryder            2  1  3   1  2   8  0  0  0  0  0/2    17:31   3:09   0:00 
Mike Cammalleri          0  1  1   0  0   1  0  0  0  0  8/12   10:34   0:00   0:00 
Pierre-Marc Bouchard     0  0  0  -1  0   0  1  0  0  0  2/3     9:03   0:00   0:00 
Radek Dvorak             0  0  0   0  0   0  0  0  0  0  0/0     8:53   0:00   0:00 
Ryan Kesler              2  2  4   1  2   6  3  0  0  0  13/25  16:48   3:09   0:00 
Sam Gagner               1  0  1   0  0   3  0  1  0  0  0/0     8:53   0:00   0:00 
Shawn Horcoff            0  0  0  -1  0   1  0  0  0  0  8/13   11:58   0:00   2:55 
Tomas Kopecky            0  0  0  -1  0   3  0  0  0  0  3/6    11:51   0:00   2:48 
Toni Lydman              0  0  0  -1  0   0  2  0  0  0  0/0    15:08   3:39   0:00 

3 Stars

1 - Ryan Kesler (CGY)
2 - Michael Ryder (CGY)
3 - Ladislav Smid (CGY)

Power Play

Predators - 0 on 3 Attempt(s) - 0.00%
Flames - 3 on 5 Attempt(s) - 60.00%

Penalty Kill

Predators - 2 on 5 Attempt(s) - 40.00% - Score 0 goal in Penalty Kill
Flames - 3 on 3 Attempt(s) - 100.00% - Score 0 goal in Penalty Kill

Official

Referees : Mark Lemelin and Darcy Burchell
Linesman : Ryan Galloway and Thor Nelson

Game Notes

No Game Note

Finance

Level 1 -- Attendance: 5551 (85.40%) -- Ticket Income $582,855
Level 2 -- Attendance: 4763 (95.26%) -- Ticket Income $357,225
Level 3 -- Attendance: 3445 (98.43%) -- Ticket Income $189,475
Level 4 -- Attendance: 2216 (67.38%) -- Ticket Income $88,640
Luxury Box -- Attendance: 976 (97.60%) -- Ticket Income $195,200
Game was played at the ScotiaBank Saddledome
Total Attendance: 16951 (87.88%)
Total Ticket Income: $1,413,395
Other Income: $212,009
Total Income: $1,625,404


% Time on Ice - Predators

Lines # - Real PCT - Wanted PCT - Time Play
Normal Forward
1 - 36% - 38% - 15:53
2 - 31% - 34% - 13:44
3 - 24% - 26% - 10:35
4 - 9% - 2% - 4:06
Normal Defense
1 - 37% - 35% - 16:19
2 - 32% - 32% - 14:18
3 - 29% - 27% - 12:42
4 - 2% - 6% - 0:59
PP Forward
1 - 50% - 60% - 2:57
2 - 50% - 40% - 3:00
PP Defense
1 - 55% - 60% - 3:15
2 - 45% - 40% - 2:42
PK Forward
1 - 72% - 60% - 4:15
2 - 28% - 40% - 1:40
PK Defense
1 - 51% - 60% - 3:02
2 - 49% - 40% - 2:53
PK3 Forward
1 - 100% - 60% - 0:39
2 - 0% - 40% - 0:00
PK3 Defense
1 - 62% - 60% - 0:24
2 - 38% - 40% - 0:15
44 Forward
1 - 79% - 60% - 2:31
2 - 21% - 40% - 0:40
44 Defense
1 - 56% - 60% - 1:47
2 - 44% - 40% - 1:24
Last Minute Offensive  - 0:00
Last Minute Defensive  - 0:00
Total
Forward - 60:00
Defense - 60:00

% Time on Ice - Flames

Lines # - Real PCT - Wanted PCT - Time Play
Normal Forward
1 - 30% - 30% - 13:11
2 - 30% - 30% - 13:11
3 - 20% - 20% - 8:53
4 - 20% - 20% - 9:03
Normal Defense
1 - 27% - 30% - 12:09
2 - 32% - 30% - 14:06
3 - 26% - 20% - 11:29
4 - 15% - 20% - 6:34
PP Forward
1 - 52% - 50% - 3:25
2 - 48% - 50% - 3:09
PP Defense
1 - 44% - 50% - 2:55
2 - 56% - 50% - 3:39
PK Forward
1 - 47% - 50% - 2:48
2 - 53% - 50% - 3:09
PK Defense
1 - 38% - 50% - 2:15
2 - 62% - 50% - 3:42
PK3 Forward
1 - 0% - 60%
2 - 0% - 40%
PK3 Defense
1 - 0% - 50%
2 - 0% - 50%
44 Forward
1 - 47% - 50% - 1:30
2 - 53% - 50% - 1:41
44 Defense
1 - 47% - 50% - 1:30
2 - 53% - 50% - 1:41
Last Minute Offensive  - 0:00
Last Minute Defensive  - 0:00
Total
Forward - 60:00
Defense - 60:00

Play by Play

1st period


0:01 of 1st period - Nicklas Backstrom wins face-off versus Jeff Skinner in neutral zone.
0:31 of 1st period - Shot by Dustin Brown.
0:31 of 1st period - Shot Misses the Net.
0:55 of 1st period - Shot by Ryan Kesler.
0:55 of 1st period - Stopped by Pekka Rinne without a rebound.
0:56 of 1st period - Mike Cammalleri wins face-off versus Artem Anisimov in Predators zone.
1:13 of 1st period - Shot by Steven Stamkos.
1:13 of 1st period - Shot Misses the Net.
1:17 of 1st period - Shot by Steven Stamkos.
1:17 of 1st period - Shot Misses the Net.
1:19 of 1st period - Shot by Steven Stamkos.
1:19 of 1st period - Shot Blocked by Sam Gagner.
1:21 of 1st period - Shot by Artem Anisimov.
1:21 of 1st period - Shot Misses the Net.
1:59 of 1st period - Shot by Derick Brassard.
1:59 of 1st period - Shot Misses the Net.
2:01 of 1st period - Shot by Cody Franson.
2:01 of 1st period - Goal by Cody Franson - Predators : 1 - Flames : 0.
2:02 of 1st period - Justin Abdelkader wins face-off versus Ryan Kesler in neutral zone.
2:05 of 1st period - Ladislav Smid is hit by Ben Eager and loses puck.
2:17 of 1st period - Shot by Justin Abdelkader.
2:17 of 1st period - Stopped by Jonathan Quick without a rebound.
2:18 of 1st period - Patrik Berglund wins face-off versus Shawn Horcoff in Flames zone.
2:27 of 1st period - Shot by Derick Brassard.
2:27 of 1st period - Stopped by Jonathan Quick without a rebound.
2:28 of 1st period - Ryan Kesler wins face-off versus Nicklas Backstrom in Flames zone.
2:37 of 1st period - Shot by Michael Grabner.
2:37 of 1st period - Shot Misses the Net.
2:51 of 1st period - Shot by Michael Ryder.
2:51 of 1st period - Stopped by Pekka Rinne with a rebound.
3:04 of 1st period - Icing by Zbynek Michalek.
3:05 of 1st period - Pierre-Marc Bouchard wins face-off versus Nicklas Backstrom in Predators zone.
3:14 of 1st period - Shot by Tomas Kopecky.
3:14 of 1st period - Shot Misses the Net.
3:26 of 1st period - Shot by Tomas Kopecky.
3:26 of 1st period - Stopped by Pekka Rinne without a rebound.
3:27 of 1st period - Patrik Berglund wins face-off versus Anze Kopitar in Predators zone.
3:33 of 1st period - Brian Strait is hit by Dustin Brown and loses puck.
3:38 of 1st period - Shot by Patrik Berglund.
3:38 of 1st period - Stopped by Jonathan Quick without a rebound.
3:39 of 1st period - Shawn Horcoff wins face-off versus Artem Anisimov in Flames zone.
3:39 of 1st period - Tomas Kopecky is hit by Steven Stamkos and loses puck.
3:54 of 1st period - Shot by Pierre-Marc Bouchard.
3:54 of 1st period - Shot Misses the Net.
4:01 of 1st period - Cody Franson is hit by Bryce Salvador and loses puck.
4:16 of 1st period - Shot by Shawn Horcoff.
4:16 of 1st period - Stopped by Pekka Rinne without a rebound.
4:17 of 1st period - Patrik Berglund wins face-off versus Michael Ryder in Predators zone.
5:17 of 1st period - Icing by Zach Bogosian.
5:18 of 1st period - Anze Kopitar wins face-off versus Nicklas Backstrom in Predators zone.
5:51 of 1st period - Shot by Anze Kopitar.
5:51 of 1st period - Deflect By Dustin Brown.
5:51 of 1st period - Stopped by Pekka Rinne without a rebound.
5:52 of 1st period - Mike Cammalleri wins face-off versus Artem Anisimov in Predators zone.
5:56 of 1st period - Icing by Brian Strait.
5:57 of 1st period - Shawn Horcoff wins face-off versus Artem Anisimov in Predators zone.
6:06 of 1st period - Shot by Tomas Kopecky.
6:06 of 1st period - Stopped by Pekka Rinne without a rebound.
6:07 of 1st period - Patrik Berglund wins face-off versus Anze Kopitar in Predators zone.
6:40 of 1st period - Shot by Derick Brassard.
6:40 of 1st period - Stopped by Jonathan Quick without a rebound.
6:41 of 1st period - Mike Cammalleri wins face-off versus Artem Anisimov in Flames zone.
6:55 of 1st period - Icing by Steven Stamkos.
6:56 of 1st period - Ryan Kesler wins face-off versus Artem Anisimov in Predators zone.
7:11 of 1st period - Shot by Steven Stamkos.
7:11 of 1st period - Shot Misses the Net.
7:19 of 1st period - Shot by Zach Bogosian.
7:19 of 1st period - Stopped by Jonathan Quick without a rebound.
7:20 of 1st period - Shawn Horcoff wins face-off versus Nicklas Backstrom in Flames zone.
7:34 of 1st period - Nicklas Backstrom is hit by Bryce Salvador and loses puck.
7:52 of 1st period - Max Pacioretty is hit by Bryce Salvador and loses puck.
7:57 of 1st period - Shot by Nicklas Backstrom.
7:57 of 1st period - Stopped by Jonathan Quick without a rebound.
7:58 of 1st period - Anze Kopitar wins face-off versus Artem Anisimov in Flames zone.
7:58 of 1st period - Anze Kopitar is hit by Valtteri Filppula.
8:10 of 1st period - Shot by Steven Stamkos.
8:10 of 1st period - Shot Misses the Net.
8:12 of 1st period - Shot by Roman Josi.
8:12 of 1st period - Shot Misses the Net.
8:14 of 1st period - Shot by Anton Stralman.
8:14 of 1st period - Shot Misses the Net.
8:16 of 1st period - Shot by Roman Josi.
8:16 of 1st period - Stopped by Jonathan Quick without a rebound.
8:17 of 1st period - Mike Cammalleri wins face-off versus Patrik Berglund in Flames zone.
8:17 of 1st period - Mike Cammalleri is hit by Tuomo Ruutu.
8:18 of 1st period - Minor Penalty to Tuomo Ruutu for Interference.
8:19 of 1st period - Anze Kopitar wins face-off versus Justin Abdelkader in Predators zone.
8:42 of 1st period - Jack Johnson is hit by Derick Brassard and loses puck.
9:38 of 1st period - Minor Penalty to Cody Franson for Holding.
9:39 of 1st period - Patrik Berglund wins face-off versus Ryan Kesler in Predators zone.
9:47 of 1st period - Off-side.
9:48 of 1st period - Ryan Kesler wins face-off versus Patrik Berglund in neutral zone.
9:53 of 1st period - Shot by Jack Johnson.
9:53 of 1st period - Stopped by Pekka Rinne without a rebound.
9:54 of 1st period - Anze Kopitar wins face-off versus Patrik Berglund in Predators zone.
10:01 of 1st period - Shot by Dustin Brown.
10:01 of 1st period - Stopped by Pekka Rinne without a rebound.
10:02 of 1st period - Patrik Berglund wins face-off versus Ryan Kesler in Predators zone.
10:13 of 1st period - Jack Johnson is hit by Patrik Berglund and loses puck.
10:22 of 1st period - Shot by Jack Johnson.
10:22 of 1st period - Shot Blocked by Zbynek Michalek.
10:24 of 1st period - Shot by Ryan Kesler.
10:24 of 1st period - Shot Misses the Net.
10:26 of 1st period - Shot by Michael Grabner.
10:26 of 1st period - Deflect By Michael Ryder.
10:26 of 1st period - Goal by Michael Ryder - Predators : 1 - Flames : 1.
10:27 of 1st period - Mike Cammalleri wins face-off versus Artem Anisimov in neutral zone.
10:33 of 1st period - Off-side.
10:34 of 1st period - Anze Kopitar wins face-off versus Artem Anisimov in neutral zone.
10:47 of 1st period - Shot by Jeff Skinner.
10:47 of 1st period - Shot Blocked by Anton Stralman.
11:09 of 1st period - Shot by Anze Kopitar.
11:09 of 1st period - Shot Misses the Net.
11:11 of 1st period - Shot by Bryce Salvador.
11:11 of 1st period - Shot Misses the Net.
11:26 of 1st period - Icing by Roman Josi.
11:27 of 1st period - Michael Grabner wins face-off versus Artem Anisimov in Predators zone.
12:02 of 1st period - Shot by Ryan Kesler.
12:02 of 1st period - Stopped by Pekka Rinne with a rebound.
12:04 of 1st period - Shot by Ryan Kesler.
12:04 of 1st period - Shot Blocked by Roman Josi.
12:06 of 1st period - Shot by Ryan Kesler.
12:06 of 1st period - Shot Misses the Net.
12:08 of 1st period - Shot by Ladislav Smid.
12:08 of 1st period - Stopped by Pekka Rinne without a rebound.
12:09 of 1st period - Mike Cammalleri wins face-off versus Nicklas Backstrom in Predators zone.
12:09 of 1st period - Sam Gagner is hit by Zach Bogosian and loses puck.
12:12 of 1st period - Shot by Sam Gagner.
12:12 of 1st period - Shot Misses the Net.
12:14 of 1st period - Shot by Sam Gagner.
12:14 of 1st period - Stopped by Pekka Rinne without a rebound.
12:15 of 1st period - Max Pacioretty wins face-off versus Mike Cammalleri in Predators zone.
14:30 of 1st period - Jack Johnson is hit by Anton Stralman and loses puck.
14:46 of 1st period - Brandon Prust is hit by Anze Kopitar and loses puck.
14:54 of 1st period - Jeff Skinner is hit by Anton Stralman and loses puck.
14:56 of 1st period - Minor Penalty to Anton Stralman for Holding.
14:57 of 1st period - Anze Kopitar wins face-off versus Justin Abdelkader in Predators zone.
14:57 of 1st period - Anze Kopitar is hit by Roman Josi.
16:24 of 1st period - Off-side.
16:25 of 1st period - Brandon Prust wins face-off versus Ryan Kesler in neutral zone.
16:31 of 1st period - Icing by Jack Johnson.
16:32 of 1st period - Valtteri Filppula wins face-off versus Ryan Kesler in Flames zone.
16:43 of 1st period - Shot by Andrew MacDonald.
16:43 of 1st period - Stopped by Pekka Rinne without a rebound.
16:44 of 1st period - Justin Abdelkader wins face-off versus Jeff Skinner in Predators zone.
17:04 of 1st period - Icing by Roman Josi.
17:05 of 1st period - Shawn Horcoff wins face-off versus Nicklas Backstrom in Predators zone.
17:05 of 1st period - Pierre-Marc Bouchard is hit by Anton Stralman and loses puck.
17:08 of 1st period - Shot by Shawn Horcoff.
17:08 of 1st period - Shot Misses the Net.
17:10 of 1st period - Shot by Andrew MacDonald.
17:10 of 1st period - Stopped by Pekka Rinne without a rebound.
17:11 of 1st period - Anze Kopitar wins face-off versus Nicklas Backstrom in Predators zone.
17:14 of 1st period - Shot by Jeff Skinner.
17:14 of 1st period - Shot Misses the Net.
17:21 of 1st period - Minor Penalty to Max Pacioretty for Tripping.
17:22 of 1st period - Tuomo Ruutu wins face-off versus Ryan Kesler in Predators zone.
17:34 of 1st period - Icing by Ryan Kesler.
17:35 of 1st period - Justin Abdelkader wins face-off versus Ryan Kesler in Flames zone.
17:56 of 1st period - Shot by Ryan Kesler.
17:56 of 1st period - Goal by Ryan Kesler - Predators : 1 - Flames : 2.
17:57 of 1st period - Anze Kopitar wins face-off versus Artem Anisimov in neutral zone.
18:32 of 1st period - Shot by Steven Stamkos.
18:32 of 1st period - Shot Misses the Net.
18:34 of 1st period - Shot by Zbynek Michalek.
18:34 of 1st period - Stopped by Jonathan Quick without a rebound.
18:35 of 1st period - Ryan Kesler wins face-off versus Patrik Berglund in Flames zone.
18:35 of 1st period - Ryan Kesler is hit by Tuomo Ruutu.
18:47 of 1st period - Shot by Michael Ryder.
18:47 of 1st period - Shot Misses the Net.
18:55 of 1st period - Shot by Michael Ryder.
18:55 of 1st period - Stopped by Pekka Rinne without a rebound.
18:56 of 1st period - Nicklas Backstrom wins face-off versus Shawn Horcoff in Predators zone.
19:14 of 1st period - Icing by Jack Johnson.
19:15 of 1st period - Pierre-Marc Bouchard wins face-off versus Patrik Berglund in Flames zone.
Goals for this period are 1 for Predators vs 2 for Flames.
Shots for this period are 9 for Predators vs 16 for Flames.

2nd period


0:01 of 2nd period - Nicklas Backstrom wins face-off versus Ryan Kesler in neutral zone.
0:29 of 2nd period - Minor Penalty to Andrew MacDonald for Hooking.
0:30 of 2nd period - Valtteri Filppula wins face-off versus Tomas Kopecky in Flames zone.
0:32 of 2nd period - Steven Stamkos is hit by Ladislav Smid and loses puck.
0:45 of 2nd period - Shot by Zach Bogosian.
0:45 of 2nd period - Deflect By Steven Stamkos.
0:45 of 2nd period - Shot Blocked by Michael Grabner.
1:05 of 2nd period - Shot by Artem Anisimov.
1:05 of 2nd period - Shot Misses the Net.
1:07 of 2nd period - Shot by Zach Bogosian.
1:07 of 2nd period - Shot Misses the Net.
1:13 of 2nd period - Shot by Steven Stamkos.
1:13 of 2nd period - Shot Misses the Net.
1:15 of 2nd period - Shot by Steven Stamkos.
1:15 of 2nd period - Shot Misses the Net.
1:39 of 2nd period - Shot by T.J. Oshie.
1:39 of 2nd period - Deflect By Nicklas Backstrom.
1:39 of 2nd period - Shot Misses the Net.
1:58 of 2nd period - Shot by T.J. Oshie.
1:58 of 2nd period - Shot Misses the Net.
2:00 of 2nd period - Shot by Roman Josi.
2:00 of 2nd period - Stopped by Jonathan Quick with a rebound.
2:02 of 2nd period - Shot by Nicklas Backstrom.
2:02 of 2nd period - Stopped by Jonathan Quick without a rebound.
2:03 of 2nd period - Valtteri Filppula wins face-off versus Tomas Kopecky in Flames zone.
2:04 of 2nd period - Shot by Steven Stamkos.
2:04 of 2nd period - Deflect By Valtteri Filppula.
2:04 of 2nd period - Stopped by Jonathan Quick without a rebound.
2:05 of 2nd period - Tomas Kopecky wins face-off versus Artem Anisimov in Flames zone.
2:28 of 2nd period - Shot by Tomas Kopecky.
2:28 of 2nd period - Stopped by Pekka Rinne without a rebound.
2:29 of 2nd period - Nicklas Backstrom wins face-off versus Mike Cammalleri in Predators zone.
3:12 of 2nd period - Shot by Max Pacioretty.
3:12 of 2nd period - Stopped by Jonathan Quick with a rebound.
3:42 of 2nd period - Shot by Brandon Prust.
3:42 of 2nd period - Stopped by Jonathan Quick without a rebound.
3:43 of 2nd period - Artem Anisimov wins face-off versus Anze Kopitar in Flames zone.
3:43 of 2nd period - Zbynek Michalek is hit by Erik Johnson and loses puck.
3:49 of 2nd period - Off-side.
3:50 of 2nd period - Anze Kopitar wins face-off versus Steven Stamkos in neutral zone.
3:50 of 2nd period - Anze Kopitar is hit by Steven Stamkos.
4:23 of 2nd period - Jeff Skinner is hit by Zach Bogosian and loses puck.
4:54 of 2nd period - Shot by T.J. Oshie.
4:54 of 2nd period - Stopped by Jonathan Quick without a rebound.
4:55 of 2nd period - Ryan Kesler wins face-off versus Patrik Berglund in Flames zone.
4:57 of 2nd period - Icing by Jack Johnson.
4:58 of 2nd period - Patrik Berglund wins face-off versus Ryan Kesler in Flames zone.
5:17 of 2nd period - Shot by Tuomo Ruutu.
5:17 of 2nd period - Stopped by Jonathan Quick without a rebound.
5:18 of 2nd period - Nicklas Backstrom wins face-off versus Shawn Horcoff in Flames zone.
5:18 of 2nd period - Nicklas Backstrom is hit by Bryce Salvador.
5:22 of 2nd period - Shot by Max Pacioretty.
5:22 of 2nd period - Shot Misses the Net.
5:24 of 2nd period - Shot by T.J. Oshie.
5:24 of 2nd period - Shot Misses the Net.
5:26 of 2nd period - Shot by T.J. Oshie.
5:26 of 2nd period - Shot Blocked by Andrew MacDonald.
5:38 of 2nd period - Shot by Max Pacioretty.
5:38 of 2nd period - Shot Misses the Net.
5:40 of 2nd period - Shot by Max Pacioretty.
5:40 of 2nd period - Goal by Max Pacioretty - Predators : 2 - Flames : 2.
5:41 of 2nd period - Artem Anisimov wins face-off versus Michael Ryder in neutral zone.
6:03 of 2nd period - Shot by Michael Ryder.
6:03 of 2nd period - Stopped by Pekka Rinne without a rebound.
6:04 of 2nd period - Patrik Berglund wins face-off versus Jeff Skinner in Predators zone.
6:39 of 2nd period - Icing by Roman Josi.
6:40 of 2nd period - Michael Grabner wins face-off versus Patrik Berglund in Predators zone.
7:19 of 2nd period - Minor Penalty to Michael Ryder for Roughing.
7:19 of 2nd period - Minor Penalty to Zach Bogosian for Tripping.
7:20 of 2nd period - Patrik Berglund wins face-off versus Anze Kopitar in Predators zone.
7:43 of 2nd period - Shot by Max Pacioretty.
7:43 of 2nd period - Shot Misses the Net.
9:11 of 2nd period - Shot by Ryan Kesler.
9:11 of 2nd period - Shot Blocked by Brian Strait.
9:13 of 2nd period - Shot by Ryan Kesler.
9:13 of 2nd period - Shot Misses the Net.
9:15 of 2nd period - Shot by Ladislav Smid.
9:15 of 2nd period - Stopped by Pekka Rinne with a rebound.
9:41 of 2nd period - Brandon Prust is hit by Toni Lydman.
10:14 of 2nd period - Minor Penalty to Erik Johnson for Holding Stick.
10:15 of 2nd period - Valtteri Filppula wins face-off versus Jeff Skinner in Flames zone.
10:42 of 2nd period - Shot by Valtteri Filppula.
10:42 of 2nd period - Stopped by Jonathan Quick without a rebound.
10:43 of 2nd period - Shawn Horcoff wins face-off versus Nicklas Backstrom in Flames zone.
10:52 of 2nd period - Shot by Roman Josi.
10:52 of 2nd period - Shot Misses the Net.
10:54 of 2nd period - Shot by T.J. Oshie.
10:54 of 2nd period - Stopped by Jonathan Quick without a rebound.
10:55 of 2nd period - Tomas Kopecky wins face-off versus Nicklas Backstrom in Flames zone.
11:05 of 2nd period - Nicklas Backstrom is hit by Andrew MacDonald and loses puck.
11:15 of 2nd period - Icing by Max Pacioretty.
11:16 of 2nd period - Nicklas Backstrom wins face-off versus Tomas Kopecky in Predators zone.
11:39 of 2nd period - Shot by T.J. Oshie.
11:39 of 2nd period - Shot Misses the Net.
11:42 of 2nd period - T.J. Oshie is hit by Ladislav Smid and loses puck.
12:24 of 2nd period - Shot by Mike Cammalleri.
12:24 of 2nd period - Stopped by Pekka Rinne without a rebound.
12:25 of 2nd period - Ryan Kesler wins face-off versus Patrik Berglund in Predators zone.
12:28 of 2nd period - Shot by Michael Ryder.
12:28 of 2nd period - Deflect By Ryan Kesler.
12:28 of 2nd period - Stopped by Pekka Rinne without a rebound.
12:29 of 2nd period - Ryan Kesler wins face-off versus Artem Anisimov in Predators zone.
12:34 of 2nd period - Shot by Michael Grabner.
12:34 of 2nd period - Shot Misses the Net.
12:36 of 2nd period - Shot by Michael Ryder.
12:36 of 2nd period - Shot Misses the Net.
12:38 of 2nd period - Shot by Ryan Kesler.
12:38 of 2nd period - Stopped by Pekka Rinne without a rebound.
12:39 of 2nd period - Anze Kopitar wins face-off versus Max Pacioretty in Predators zone.
12:39 of 2nd period - Dustin Brown is hit by Cody Franson and loses puck.
12:45 of 2nd period - Minor Penalty to Anze Kopitar for Holding Stick.
12:46 of 2nd period - Tomas Kopecky wins face-off versus Nicklas Backstrom in Flames zone.
13:19 of 2nd period - Shot by Nicklas Backstrom.
13:19 of 2nd period - Shot Misses the Net.
13:23 of 2nd period - Shot by T.J. Oshie.
13:23 of 2nd period - Stopped by Jonathan Quick without a rebound.
13:24 of 2nd period - Valtteri Filppula wins face-off versus Shawn Horcoff in Flames zone.
15:36 of 2nd period - Off-side.
15:37 of 2nd period - Ryan Kesler wins face-off versus Nicklas Backstrom in neutral zone.
15:54 of 2nd period - Shot by Max Pacioretty.
15:54 of 2nd period - Shot Misses the Net.
15:56 of 2nd period - Shot by Nicklas Backstrom.
15:56 of 2nd period - Shot Misses the Net.
15:58 of 2nd period - Shot by Nicklas Backstrom.
15:58 of 2nd period - Shot Blocked by Ladislav Smid.
16:01 of 2nd period - Nicklas Backstrom is hit by Ladislav Smid and loses puck.
16:09 of 2nd period - Icing by Ladislav Smid.
16:10 of 2nd period - Ryan Kesler wins face-off versus Artem Anisimov in Flames zone.
16:10 of 2nd period - Ryan Kesler is hit by Steven Stamkos.
16:25 of 2nd period - Steven Stamkos is hit by Ladislav Smid and loses puck.
16:42 of 2nd period - Shot by Artem Anisimov.
16:42 of 2nd period - Deflect By Steven Stamkos.
16:42 of 2nd period - Shot Blocked by Jack Johnson.
16:44 of 2nd period - Shot by Steven Stamkos.
16:44 of 2nd period - Stopped by Jonathan Quick without a rebound.
16:45 of 2nd period - Anze Kopitar wins face-off versus Nicklas Backstrom in Flames zone.
16:45 of 2nd period - Anze Kopitar is hit by Max Pacioretty.
16:59 of 2nd period - Shot by T.J. Oshie.
16:59 of 2nd period - Shot Misses the Net.
17:01 of 2nd period - Shot by Zbynek Michalek.
17:01 of 2nd period - Stopped by Jonathan Quick without a rebound.
17:02 of 2nd period - Patrik Berglund wins face-off versus Pierre-Marc Bouchard in Flames zone.
17:58 of 2nd period - Icing by Zach Bogosian.
17:59 of 2nd period - Nicklas Backstrom wins face-off versus Anze Kopitar in Predators zone.
19:02 of 2nd period - Michael Ryder is hit by Zach Bogosian and loses puck.
19:07 of 2nd period - Shot by Ryan Kesler.
19:07 of 2nd period - Deflect By Michael Ryder.
19:07 of 2nd period - Shot Misses the Net.
19:21 of 2nd period - Zach Bogosian is hit by Ryan Kesler and loses puck.
19:45 of 2nd period - Max Pacioretty is hit by Toni Lydman and loses puck.
Goals for this period are 1 for Predators vs 0 for Flames.
Shots for this period are 13 for Predators vs 6 for Flames.

3rd period


0:01 of 3rd period - Anze Kopitar wins face-off versus Steven Stamkos in neutral zone.
0:26 of 3rd period - Shot by Anze Kopitar.
0:26 of 3rd period - Shot Misses the Net.
0:38 of 3rd period - Shot by Jeff Skinner.
0:38 of 3rd period - Stopped by Pekka Rinne without a rebound.
0:39 of 3rd period - Ryan Kesler wins face-off versus Nicklas Backstrom in Predators zone.
1:11 of 3rd period - Shot by Michael Ryder.
1:11 of 3rd period - Goal by Michael Ryder - Predators : 2 - Flames : 3.
1:12 of 3rd period - Shawn Horcoff wins face-off versus Tuomo Ruutu in neutral zone.
2:02 of 3rd period - Icing by Zach Bogosian.
2:03 of 3rd period - Anze Kopitar wins face-off versus Patrik Berglund in Predators zone.
2:04 of 3rd period - Shot by Jeff Skinner.
2:04 of 3rd period - Shot Misses the Net.
2:12 of 3rd period - Shot by Jeff Skinner.
2:12 of 3rd period - Shot Misses the Net.
2:46 of 3rd period - Shot by Steven Stamkos.
2:46 of 3rd period - Deflect By Artem Anisimov.
2:46 of 3rd period - Shot Misses the Net.
3:32 of 3rd period - Shot by Max Pacioretty.
3:32 of 3rd period - Stopped by Jonathan Quick without a rebound.
3:33 of 3rd period - Ryan Kesler wins face-off versus Justin Abdelkader in Flames zone.
3:33 of 3rd period - Jack Johnson is hit by Brandon Prust and loses puck.
3:51 of 3rd period - Ryan Kesler is hit by Cody Franson and loses puck.
4:29 of 3rd period - Toni Lydman is hit by Brandon Prust and loses puck.
4:42 of 3rd period - Shot by T.J. Oshie.
4:42 of 3rd period - Stopped by Jonathan Quick without a rebound.
4:43 of 3rd period - Artem Anisimov wins face-off versus Shawn Horcoff in Flames zone.
4:48 of 3rd period - Shot by Steven Stamkos.
4:48 of 3rd period - Stopped by Jonathan Quick with a rebound.
6:14 of 3rd period - Shot by Sam Gagner.
6:14 of 3rd period - Stopped by Pekka Rinne without a rebound.
6:15 of 3rd period - Patrik Berglund wins face-off versus Anze Kopitar in Predators zone.
6:23 of 3rd period - Off-side.
6:24 of 3rd period - Ryan Kesler wins face-off versus Patrik Berglund in neutral zone.
7:35 of 3rd period - Minor Penalty to Steven Stamkos for Tripping.
7:36 of 3rd period - Anze Kopitar wins face-off versus Justin Abdelkader in Predators zone.
7:54 of 3rd period - Shot by Dustin Brown.
7:54 of 3rd period - Stopped by Pekka Rinne without a rebound.
7:55 of 3rd period - Anze Kopitar wins face-off versus Justin Abdelkader in Predators zone.
8:29 of 3rd period - Icing by Erik Johnson.
8:30 of 3rd period - Justin Abdelkader wins face-off versus Anze Kopitar in Flames zone.
9:09 of 3rd period - Shot by Michael Ryder.
9:09 of 3rd period - Stopped by Pekka Rinne without a rebound.
9:10 of 3rd period - Ryan Kesler wins face-off versus Valtteri Filppula in Predators zone.
9:25 of 3rd period - Shot by Jack Johnson.
9:25 of 3rd period - Shot Misses the Net.
9:27 of 3rd period - Shot by Andrew MacDonald.
9:27 of 3rd period - Deflect By Ryan Kesler.
9:27 of 3rd period - Goal by Ryan Kesler - Predators : 2 - Flames : 4.
9:28 of 3rd period - Nicklas Backstrom wins face-off versus Mike Cammalleri in neutral zone.
9:43 of 3rd period - Shot by Max Pacioretty.
9:43 of 3rd period - Deflect By Nicklas Backstrom.
9:43 of 3rd period - Shot Misses the Net.
10:33 of 3rd period - Shot by Artem Anisimov.
10:33 of 3rd period - Shot Misses the Net.
10:55 of 3rd period - Shot by Anze Kopitar.
10:55 of 3rd period - Stopped by Pekka Rinne without a rebound.
10:56 of 3rd period - Patrik Berglund wins face-off versus Ryan Kesler in Predators zone.
10:56 of 3rd period - Patrik Berglund is hit by Ryan Kesler.
11:01 of 3rd period - Tuomo Ruutu is hit by Ryan Kesler and loses puck.
12:12 of 3rd period - Shot by Anze Kopitar.
12:12 of 3rd period - Stopped by Pekka Rinne with a rebound.
12:22 of 3rd period - Shot by Dustin Brown.
12:22 of 3rd period - Shot Misses the Net.
12:24 of 3rd period - Shot by Jeff Skinner.
12:24 of 3rd period - Stopped by Pekka Rinne without a rebound.
12:25 of 3rd period - Shawn Horcoff wins face-off versus Artem Anisimov in Predators zone.
13:25 of 3rd period - Icing by Cody Franson.
13:26 of 3rd period - Anze Kopitar wins face-off versus Nicklas Backstrom in Predators zone.
13:27 of 3rd period - Shot by Dustin Brown.
13:27 of 3rd period - Shot Misses the Net.
13:29 of 3rd period - Shot by Dustin Brown.
13:29 of 3rd period - Shot Misses the Net.
13:33 of 3rd period - Shot by Jeff Skinner.
13:33 of 3rd period - Stopped by Pekka Rinne without a rebound.
13:34 of 3rd period - Anze Kopitar wins face-off versus Nicklas Backstrom in Predators zone.
13:47 of 3rd period - Anton Stralman is hit by Dustin Brown and loses puck.
14:12 of 3rd period - Shot by Dustin Brown.
14:12 of 3rd period - Shot Misses the Net.
14:14 of 3rd period - Shot by Andrew MacDonald.
14:14 of 3rd period - Stopped by Pekka Rinne without a rebound.
14:15 of 3rd period - Artem Anisimov wins face-off versus Ryan Kesler in Predators zone.
14:33 of 3rd period - Shot by Artem Anisimov.
14:33 of 3rd period - Stopped by Jonathan Quick without a rebound.
14:34 of 3rd period - Mike Cammalleri wins face-off versus Patrik Berglund in Flames zone.
14:49 of 3rd period - Shot by Sam Gagner.
14:49 of 3rd period - Goal by Sam Gagner - Predators : 2 - Flames : 5.
14:50 of 3rd period - Anze Kopitar wins face-off versus Artem Anisimov in neutral zone.
14:57 of 3rd period - Shot by Dustin Brown.
14:57 of 3rd period - Stopped by Pekka Rinne without a rebound.
14:58 of 3rd period - Artem Anisimov wins face-off versus Anze Kopitar in Predators zone.
14:58 of 3rd period - Artem Anisimov is hit by Anze Kopitar.
15:05 of 3rd period - Icing by Artem Anisimov.
15:06 of 3rd period - Artem Anisimov wins face-off versus Anze Kopitar in Predators zone.
15:17 of 3rd period - Off-side.
15:18 of 3rd period - Nicklas Backstrom wins face-off versus Ryan Kesler in neutral zone.
15:20 of 3rd period - Off-side.
15:21 of 3rd period - Anze Kopitar wins face-off versus Nicklas Backstrom in neutral zone.
15:49 of 3rd period - Shot by T.J. Oshie.
15:49 of 3rd period - Shot Misses the Net.
16:13 of 3rd period - Andrew MacDonald is hit by Max Pacioretty and loses puck.
16:32 of 3rd period - Shot by Michael Ryder.
16:32 of 3rd period - Shot Blocked by Anton Stralman.
16:34 of 3rd period - Shot by Ladislav Smid.
16:34 of 3rd period - Stopped by Pekka Rinne without a rebound.
16:35 of 3rd period - Mike Cammalleri wins face-off versus Artem Anisimov in Predators zone.
16:46 of 3rd period - Shot by Mike Cammalleri.
16:46 of 3rd period - Shot Misses the Net.
17:02 of 3rd period - Shot by Sam Gagner.
17:02 of 3rd period - Shot Misses the Net.
17:14 of 3rd period - Shot by Mike Cammalleri.
17:14 of 3rd period - Deflect By Sam Gagner.
17:14 of 3rd period - Shot Misses the Net.
17:16 of 3rd period - Shot by Sam Gagner.
17:16 of 3rd period - Shot Misses the Net.
17:29 of 3rd period - Zach Bogosian is hit by Ladislav Smid and loses puck.
17:48 of 3rd period - Shot by Michael Ryder.
17:48 of 3rd period - Stopped by Pekka Rinne without a rebound.
17:49 of 3rd period - Shawn Horcoff wins face-off versus Patrik Berglund in Predators zone.
18:31 of 3rd period - Cody Franson is hit by Pierre-Marc Bouchard and loses puck.
18:47 of 3rd period - Minor Penalty to Ryan Kesler for Slashing.
18:47 of 3rd period - Minor Penalty to Max Pacioretty for Hooking.
18:48 of 3rd period - Nicklas Backstrom wins face-off versus Mike Cammalleri in neutral zone.
19:14 of 3rd period - Shot by Mike Cammalleri.
19:14 of 3rd period - Deflect By Michael Ryder.
19:14 of 3rd period - Stopped by Pekka Rinne with a rebound.
Goals for this period are 0 for Predators vs 3 for Flames.
Shots for this period are 4 for Predators vs 16 for Flames.


Output by the SimonT Hockey Simulator (STHS) for Stephane Roy -- Original Page W3C XHTML 1.0 Valid
Hockey Simulator - Hockey Simulation - Hockey Manager